 Dungeon Crawl Stone Soup version 0.27.1-4-g1640c2035a (webtiles) character file.

Game seed: 14373662418277181958

6172 Cheops the Grappler (level 10, -4/102 HPs)
             Began as a Naga Transmuter on Nov 12, 2021.
             Was a Believer of Cheibriados.
             Slain by a manticore (6 damage)
             ... on level 9 of the Dungeon.
             The game lasted 00:56:14 (13179 turns).

Cheops the Grappler (Naga Transmuter)              Turns: 13179, Time: 00:56:15

Health: -4/102     AC:  7    Str: 18      XL:     10   Next: 91%
Magic:  14/16      EV: 10    Int: 21      God:    Cheibriados [**....]
Gold:   444        SH:  0    Dex: 15 (17) Spells: 5/17 levels left

rFire    x . .     SeeInvis +     - Unarmed
rCold    + + +     Faith    .   (shield currently unavailable)
rNeg     . . .     Spirit   .   (armour currently unavailable)
rPois    +         Reflect  .   (helmet currently unavailable)
rElec    .         Harm     .   (cloak currently unavailable)
rCorr    .         Rampage  .   (gloves currently unavailable)
Will     +....                  (no barding)
Stlth    +.........             (no amulet)
HPRegen  1.27/turn              (no ring)
MPRegen  0.15/turn              (no ring)

@: ice-form, spiked, flying, invisible, very slow
A: freezing attack, amphibious, boosted hp, AC +3, large, see invisible,
(deformed body), (poison resistance), (slowness 2), spit poison 1, (naga tail
1), regeneration 1, robust 1, MP-powered wands
a: Spit Poison, End Transformation, Renounce Religion, Bend Time


You were on level 9 of the Dungeon.
You worshipped Cheibriados.
Cheibriados was pleased with you.
You were a creature of crystalline ice.
You visited 2 branches of the dungeon, and saw 10 of its levels.

You collected 444 gold pieces.

Inventory:

Missiles
 m - a throwing net
Armour
 n - +1 steam dragon scales (melded)
 B - a +0 cloak (melded)
 C - a +0 buckler (melded)
Magical Staves
 x - a staff of cold
Wands
 l - a wand of polymorph (7)
 w - a wand of flame (21)
 E - a wand of digging (5)
Scrolls
 e - a scroll of brand weapon
 j - a scroll of enchant weapon {unknown}
 o - a scroll of fog {unknown}
 p - 2 scrolls of magic mapping {unknown}
 r - a scroll of fear
 s - a scroll of amnesia {unknown}
 y - a scroll of vulnerability {unknown}
Potions
 a - a potion of mutation
 b - 3 potions of brilliance
 c - a potion of ambrosia
 d - 2 potions of magic
 f - 3 potions of attraction
 g - 2 potions of curing {unknown}
 h - 3 potions of lignification
 i - a potion of cancellation {unknown}
 k - a potion of heal wounds {unknown}
 q - a potion of might {unknown}
 u - a potion of invisibility


   Skills:
 - Level 1.0 Fighting
 - Level 1.5 Dodging
 - Level 2.4 Shields
 - Level 10.0 Unarmed Combat
 - Level 4.0 Spellcasting
 + Level 6.6 Conjurations
 - Level 5.0 Transmutations
 - Level 5.0 Ice Magic
 - Level 4.1 Poison Magic
 - Level 5.0 Invocations
 - Level 4.0 Evocations


You had 5 spell levels left.
You knew the following spells:

 Your Spells              Type           Power      Damage    Failure   Level
a - Beastly Appendage     Tmut           50%        N/A       1%          1
i - Ice Form              Ice/Tmut       25%        N/A       16%         4
r - Searing Ray           Conj           62%        3d5       1%          2
s - Spider Form           Tmut/Pois      11%        N/A       5%          3
w - Wereblood             Tmut           25%        N/A       2%          2

Your spell library contained the following spells:

 Spells                   Type           Power      Damage    Failure   Level
 Magic Dart               Conj           100%       1d8       1%          1
 Sting                    Tmut/Pois      92%        1d7       1%          1
 Foxfire                  Conj/Fire      72%        2x1d7     3%          1
 Summon Small Mammal      Summ           16%        N/A       12%         1
 Fulminant Prism          Conj/Hex       9%         3d7       30%         4


Dungeon Overview and Level Annotations

Branches:
Dungeon (9/15)             Temple (1/1) D:5
   Lair: D:8-11         Orc: D:9-12

Altars:
Ashenzari
Cheibriados
Dithmenos
Elyvilon
Fedhas
Gozag
Hepliaklqana
Kikubaaqudgha
Makhleb
Nemelex Xobeh
Okawaru
Qazlal
Ru
Sif Muna
Trog
Uskayaw
Vehumet
Wu Jian
Xom
Yredelemnul
Zin
The Shining One

Shops:
D:7 (

Annotations:
D:3 dig
D:7 2 transporters


Innate Abilities, Weirdness & Mutations

You are a creature of crystalline ice.
You have a powerful freezing melee attack.
You are amphibious.
Your maximum health is increased.
Your armour is entirely melded.
You are incapable of wielding weapons or throwing items.
((Your serpentine skin is tough. (AC +3)))
You have supernaturally acute eyesight. (SInv)
((Armour fits poorly on your strangely shaped body.))
((Your system is resistant to poisons. (rPois)))
((You cover ground very slowly.))
You can spit poison.
((You have a snake-like lower body.))
Your natural rate of healing is unusually fast.
You are robust. (+10% HP)
You expend magic power (3 MP) to strengthen your wands.


Message History

* * * LOW HITPOINT WARNING * * *
You hear an angry buzzing noise.
You hit the two-headed ogre. You freeze the two-headed ogre.
The two-headed ogre is heavily wounded.
A hornet comes into view.
The two-headed ogre closely misses you. The two-headed ogre barely misses you.
You hit the two-headed ogre. You freeze the two-headed ogre.
The two-headed ogre is heavily wounded.
You pummel the two-headed ogre!! You freeze the two-headed ogre.
The two-headed ogre is almost dead.
You hear a shout!
The two-headed ogre closely misses you.
The two-headed ogre hits you with a +0 giant spiked club!
* * * LOW HITPOINT WARNING * * *
A manticore comes into view.
You punch the two-headed ogre! You freeze the two-headed ogre.
You kill the two-headed ogre!
Cheibriados appreciates the change of pace.
You feel your strength returning.
You feel your dexterity returning.
Your life force feels restored.
Your Conjurations skill gained 2 levels and is now at level 6!
You pummel the hornet!! You freeze the hornet!
You kill the hornet!
Cheibriados thoroughly appreciates the change of pace.
A death knight comes into view. It is wielding a +0 great mace.
Okay, then.
The death knight offers itself to Yredelemnul, and fills with unholy energy.
The manticore flicks its tail.
The volley of spikes hits you!!
The barbed spikes become lodged in your body.
* * * LOW HITPOINT WARNING * * *
It was a potion of flight.
You feel very buoyant.
You fly up into the air.
It was a potion of invisibility.
You fade into invisibility!
The manticore bites you!
* * * LOW HITPOINT WARNING * * *
The manticore barely misses you. The manticore claws you.
You die...

#.#.).#.###
#.#...#.# ###
#.#...#.# !.$
#)#####.# #.#
#.# #.# ##.##
#.# #.# ... #.#
#.# #p# #.# #.#
##H## #.#####.#
#.Y.# #.#.....#
##.##
#.#.#########'#
#.............#
####.########.#
#†# #.# #.# #.#
#.# #.# #.# #.#


You could see a death knight (reflects damage) and a manticore.

Vanquished Creatures
  A two-headed ogre (D:9)
  Pikel (D:7)
  An ugly thing (D:7)
  Maggie (D:8)
  A hornet (D:9)
  2 wyverns (D:7)
  Edmund (D:5)
  3 water moccasins
  A hornet zombie (D:9)
  A sky beast (D:5)
  2 black bears (D:6)
  2 ice beasts (D:5)
  A necrophage (D:5)
  5 ogres
  2 centaurs
  3 phantoms (D:6)
  A lemure (D:7)
  A kobold brigand (D:4)
  4 bullfrogs
  A gnoll sergeant (D:8)
  3 scorpions
  A jelly (D:5)
  A water moccasin skeleton (D:5)
  7 wights (D:8)
  3 bullfrog zombies
  6 hounds
  A centaur zombie (D:9)
  Crazy Yiuf (D:3)
  3 orc priests
  A centaur skeleton (D:6)
  A gnoll shaman (D:6)
  Ijyb (D:4)
  Terence (D:2)
  7 iguanas
  5 orc wizards
  A howler monkey zombie (D:5)
  13 gnolls
  5 adders
  A shadow imp (D:6)
  3 white imps
  4 dart slugs
  14 orcs
  7 endoplasms
  4 giant cockroaches
  7 goblins
  10 hobgoblins
  6 kobolds
  5 quokkas
  4 ball pythons
  6 bats
  8 frilled lizards (D:6)
  5 rats
180 creatures vanquished.

Vanquished Creatures (others)
  5 plants (D:6)
5 creatures vanquished.

Grand Total: 185 creatures vanquished

Notes
Turn   | Place    | Note
-------+----------+-------------------------------------------
     0 | D:1      | Cheops the Naga Transmuter began the quest for the Orb.
     0 | D:1      | Reached XP level 1. HP: 18/18 MP: 3/3
    84 | D:1      | Reached XP level 2. HP: 13/25 MP: 3/5
   366 | D:1      | Reached skill level 4 in Unarmed Combat
   597 | D:1      | Reached XP level 3. HP: 31/31 MP: 4/6
   601 | D:1      | Learned a level 3 spell: Spider Form
  1169 | D:2      | Noticed Terence
  1521 | D:2      | Found a hazy altar of Hepliaklqana.
  1665 | D:2      | Learned a level 2 spell: Wereblood
  1708 | D:3      | Reached XP level 4. HP: 11/38 MP: 7/7
  2371 | D:3      | Found a faded altar of an unknown god.
  2459 | D:3      | Found a blossoming altar of Fedhas.
  2459 | D:3      | Found a hazy altar of Hepliaklqana.
  2588 | D:3      | Reached XP level 5. HP: 44/44 MP: 6/8
  3304 | D:3      | Found a runed translucent door.
  3305 | D:3      | Noticed Crazy Yiuf
  3467 | D:3      | Found a shimmering blue altar of Sif Muna.
  3558 | D:3      | Killed Crazy Yiuf
  3559 | D:3      | Reached skill level 5 in Unarmed Combat
  3883 | D:2      | Killed Terence
  3973 | D:4      | Reached XP level 6. HP: 46/51 MP: 6/10
  3997 | D:4      | Learned a level 4 spell: Ice Form
  4480 | D:4      | Reached skill level 1 in Ice Magic
  4757 | D:4      | Found a glowing silver altar of Zin.
  4757 | D:4      | Found a basalt altar of Yredelemnul.
  4841 | D:4      | Noticed Ijyb
  4854 | D:4      | Killed Ijyb
  4855 | D:4      | Reached XP level 7. HP: 35/57 MP: 9/13
  5320 | D:5      | Entered Level 5 of the Dungeon
  5971 | D:5      | Reached XP level 8. HP: 21/64 MP: 3/14
  6201 | D:5      | Noticed Edmund
  6231 | D:5      | Killed Edmund
  6232 | D:5      | Reached skill level 5 in Transmutations
  6541 | D:5      | Found a staircase to the Ecumenical Temple.
  6638 | D:5      | Reached skill level 5 in Ice Magic
  6957 | D:5      | Reached skill level 6 in Unarmed Combat
  6986 | D:5      | Reached skill level 1 in Shields
  7002 | D:5      | Reached XP level 9. HP: 35/70 MP: 15/15
  7012 | D:5      | Reached skill level 7 in Unarmed Combat
  7371 | Temple   | Entered the Ecumenical Temple
  7451 | Temple   | Became a worshipper of Cheibriados the Contemplative
  7573 | D:6      | Found an opulent altar of Gozag.
  8272 | D:5      | Found a staircase to the Ecumenical Temple.
  8433 | D:5      | Reached skill level 8 in Unarmed Combat
  9117 | D:6      | Reached * piety under Cheibriados
  9118 | D:6      | Reached skill level 9 in Unarmed Combat
  9718 | D:7      | Found a radiant altar of Vehumet.
  9816 | D:7      | Noticed Pikel
  9825 | D:7      | Killed Pikel
  9826 | D:7      | Reached skill level 10 in Unarmed Combat
 10002 | D:7      | Found a stormy altar of Qazlal.
 10009 | D:7      | Reached XP level 10. HP: 78/78 MP: 11/16
 10215 | D:7      | Found Zetat's Antique Weapon Boutique.
 10238 | D:7      | Noticed a red ugly thing
 10672 | D:3      | Got Sif Muna's Catalogue of Attacks
 10674 | D:3      | Got Sif Muna's Tome of the Escort
 10676 | D:3      | Got Sif Muna's Almanac of Venom
 10684 | D:3      | Learned a level 2 spell: Searing Ray
 10904 | D:7      | Found an iron altar of Okawaru.
 10950 | D:7      | Killed a red ugly thing
 10951 | D:7      | Reached skill level 5 in Invocations
 11085 | D:7      | Found a transporter.
 11180 | D:7      | Found a glowing golden altar of the Shining One.
 11398 | D:7      | Found a burning altar of Makhleb.
 11598 | D:7      | Found a transporter.
 11793 | D:8      | Noticed Maggie
 11811 | D:8      | Killed Maggie
 11812 | D:8      | Reached skill level 1 in Conjurations
 12468 | D:8      | Gained mutation: You are robust. (+10% HP) [potion of
                  | mutation]
 12468 | D:8      | Gained mutation: You expend magic power (3 MP) to
                  | strengthen your wands. [potion of mutation]
 12468 | D:8      | Gained mutation: Your natural rate of healing is unusually
                  | fast. [potion of mutation]
 12640 | D:8      | Reached ** piety under Cheibriados
 12785 | D:8      | Found an ornate altar of the Wu Jian Council.
 13165 | D:9      | Noticed a two-headed ogre
 13174 | D:9      | Noticed a manticore
 13175 | D:9      | Killed a two-headed ogre
 13176 | D:9      | Noticed a death knight
 13179 | D:9      | HP: 2/102 [manticore (8)]
 13179 | D:9      | Slain by a manticore

Illustrated notes

Levels and vault maps discovered:
D:1:      minmay_arrival_stone_box, layout_rooms
D:2:      layout_rooms, serial_rivers, chequers_serial_rivers_room_b,
          chequers_serial_rivers_small_3, chequers_serial_rivers_micro_a,
          chequers_serial_rivers_micro_e, kennysheep_flooded_box,
          kennysheep_small_spiral, uniq_terence
D:3:      layout_loops_ring, nicolae_sif_muna_little_library,
          mainiacjoe_overflow_divided_tiny, ebering_ecumenical_altar_abandoned,
          minmay_unequal, uniq_crazy_yiuf_cottage
D:4:      layout_basic, gammafunk_temple_overflow_elements, uniq_ijyb
D:5:      minmay_chambers_of_threes, layout_basic,
          minmay_temple_entry_nine_rooms, eino_tiny_chamber, uniq_edmund
D:6:      layout_rooms, nicolae_gozag_cash_rules_everything_around_me,
          minmay_lizard_king
D:7:      gammafunk_cloud_chamber, layout_loops_ring, vehumet_altar_wand_db,
          lightli_temple_of_fire, mainiacjoe_overflow_24_doors,
          kennysheep_okawaru_gauntlet, general_overflow_altar, serial_shops,
          nicolae_shop_crystal, uniq_pikel
D:8:      layout_basic, mainiacjoe_overflow_chevrons, uniq_maggie
D:9:      hangedman_cross_veins, layout_basic
Temple:   eino_temple_lava

Skill      XL: |  1  2  3  4  5  6  7  8  9 10 |
---------------+-------------------------------+-----
Unarmed Combat | 4 5 6 10 | 10.0
Poison Magic   | 2 3 4 |  4.1
Spellcasting   | 3 4 |  4.0
Ice Magic      | 2 4 5 |  5.0
Transmutations | 4 5 |  5.0
Shields        | 2 |  2.4
Invocations    | 4 5 |  5.0
Evocations     | 4 |  4.0
Conjurations   | 6 |  6.6
Fighting       | |  1.0
Dodging        | |  1.5

Action                   |  1- 3 |  4- 6 |  7- 9 | 10-12 || total
-------------------------+-------+-------+-------+-------++-------
Melee: Unarmed           |    70 |   122 |   241 |    97 ||   530
       Headbutt          |     5 |     1 |     1 |       ||     7
       Punch             |       |     3 |       |       ||     3
 Cast: Beastly Appendage |    13 |     9 |     3 |       ||    25
       Spider Form       |       |    13 |    15 |     2 ||    30
       Ice Form          |       |       |    18 |    14 ||    32
       Searing Ray       |       |       |       |     2 ||     2
 Abil: Spit Poison       |    21 |    25 |    25 |       ||    71
       End Transformatio |       |     3 |     8 |     5 ||    16
Evoke: Wand              |       |       |     2 |     8 ||    10
  Use: Scroll            |       |     6 |     3 |     5 ||    14
       Potion            |       |       |       |     5 ||     5
 Stab: Sleeping          |     1 |       |     1 |       ||     2
Armor: Robe              |    28 |    16 |    11 |       ||    55
       Skin              |       |     3 |    44 |    16 ||    63
       Steam dragon scal |       |       |       |     2 ||     2
Dodge: Dodged            |    37 |    73 |   129 |    45 ||   284
Block: Buckler           |       |       |     3 |       ||     3
